Map: Queda Cerúlea LE

Players

tokeboat

  • Race: Protoss Protoss
  • League: Platinum
  • Spawn Location: 1:00

Vicster - Winner!

  • Race: Terran Terran
  • League: Gold
  • Spawn Location: 7:00

VOD

Have the link to the VOD?

Description

Time

  • Played on: Jan. 9, 2019, 2:10 p.m.
  • Length: 17:56
Show
View Real Time Build Order
Export as new Build Order

tokeboat Protoss 

Build Orders: 1 Gate Expand, Carriers, Chargelot Immortal 

Get SALT Encoding   

  12  0:01  Probe  
  13  0:13  Pylon  
  13  0:17  Probe  
  14  0:25  Probe  
  14  0:34  Probe  
  14  0:35  Gateway  
  16  0:47  Probe, Assimilator  
  17  0:59  Probe  
  18  1:22  Probe  
  18  1:25  Nexus  
  19  1:34  Cybernetics Core  
  19  1:36  Probe  
  20  1:45  Pylon  
  20  1:50  Assimilator  
  20  1:56  Warp Gate  
  20  2:00  Probe  
  21  2:12  Adept  
  23  2:20  Probe  
  24  2:31  Gateway  
  24  2:33  Probe  
  25  2:45  Probe  
  25  2:46  Probe  
  27  2:54  Robotics Facility, Probe  
  27  2:57  Probe  
  28  3:05  Probe  
  29  3:06  Twilight Council  
  29  3:09  Probe  
  31  3:16  Probe  
  32  3:25  Gateway, Probe, Pylon  
  32  3:26  Probe  
  33  3:34  Charge, Probe  
  34  3:35  Probe  
  36  3:42  Probe  
  36  3:44  Probe  
  38  3:49  Immortal  
  38  3:52  Probe  
  43  4:01  Probe  
  44  4:15  Nexus  
  44  4:16  Probe  
  45  4:18  Zealot  
  47  4:25  Pylon  
  47  4:26  Probe  
  48  4:35  Zealot  
  50  4:45  Shield Battery  
  50  4:47  Immortal  
  50  4:49  Zealot  
  56  4:57  Probe x2  
  58  5:03  Assimilator  
  58  5:05  Assimilator  
  58  5:09  Probe x2  
  60  5:20  Forge  
  60  5:21  Probe  
  61  5:27  Immortal  
  63  5:31  Stargate  
  63  5:32  Stargate  
  63  5:33  Probe x2, Protoss Ground Armor Level 1  
  63  5:34  Probe  
  66  5:37  Pylon  
  66  5:40  Zealot  
  66  5:41  Zealot  
  70  5:45  Probe x2  
  70  5:49  Probe  
  73  5:57  Probe  
  73  5:58  Shield Battery  
  74  6:11  Observer  
  75  6:12  Zealot  
  75  6:13  Zealot  
  79  6:20  Fleet Beacon  
  79  6:24  Protoss Air Weapons Level 1  
  79  6:36  Gateway  
  79  6:37  Gateway  
  79  6:39  Gateway  
  79  6:41  Gateway  
  79  6:42  Observer  
  79  6:45  Gateway  
  80  6:52  Zealot x2  
  84  6:58  Pylon  
  84  7:00  Pylon  
  84  7:06  Probe, Tempest  
  84  7:08  Nexus, Tempest  
  85  7:12  Protoss Ground Armor Level 2  
  85  7:16  Pylon  
  99  7:30  Immortal  
  99  7:38  Zealot  
  99  7:39  Zealot  
  103  7:45  Zealot x3  
  103  7:49  Pylon  
  103  7:50  Pylon  
  109  7:53  Pylon  
  109  7:57  Pylon  
  109  8:07  Probe x3  
  109  8:10  Oracle, Tempest  
  120  8:13  Protoss Air Weapons Level 2  
  120  8:14  Immortal  
  120  8:19  Probe x3  
  127  8:20  Assimilator  
  127  8:23  Assimilator  
  127  8:28  Probe  
  127  8:31  Probe x2  
  130  8:45  Immortal  
  130  8:48  Zealot x5  
  136  8:49  Zealot x2  
  148  8:58  Probe x2  
  148  8:59  Probe  
  151  9:06  Assimilator  
  151  9:10  Assimilator  
  151  9:12  Oracle  
  154  9:22  Probe  
  155  9:30  Pylon  
  155  9:31  Pylon  
  155  9:33  Pylon  
  155  9:34  Pylon  
  155  9:36  Pylon  
  155  9:47  Tempest  
  155  9:48  Carrier  
  160  9:59  Immortal  
  166  10:03  Zealot x2  
  166  10:04  Protoss Ground Armor Level 3, Zealot x5  
  180  10:10  Protoss Air Weapons Level 3  
  184  10:41  Carrier  
  189  11:05  Carrier  
  195  11:11  Pylon  
  195  11:15  Immortal  
  196  11:49  Mothership  
  198  12:13  Stargate  
  198  12:15  Stargate  
  198  12:16  Stargate  
  198  12:21  Stargate  
  198  12:24  Nexus  
  197  12:45  Carrier x2  
  161  12:59  Zealot x2  
  161  13:00  Zealot x2  
  161  13:01  Zealot  
  113  13:13  Stalker x2  
  89  13:22  Zealot x3  
  89  13:23  Zealot x2  
  89  13:25  Void Ray x2  
  107  13:38  Zealot x2  
  90  14:01  Zealot x2  
  90  14:02  Zealot x4  
  92  14:03  Zealot  
  89  14:17  Void Ray  
  89  14:23  Zealot x2  
  93  14:29  Pylon x2  
  93  14:30  Pylon  
  93  14:31  Pylon  
  93  14:51  Zealot x3  
  93  14:52  Zealot  
  92  15:24  Nexus  
  92  15:32  Nexus  
  62  16:04  Carrier x2  
  62  16:05  Zealot  
  62  16:06  Zealot x4  
  62  16:07  Zealot x2  
  76  16:20  Immortal  
  80  16:31  Stalker x3  
  86  16:33  Stalker x2  
Show
View Real Time Build Order
Export as new Build Order

Vicster Terran - Winner!

Build Orders: Mech 

Get SALT Encoding   

  12  0:01  SCV  
  13  0:14  SCV  
  14  0:18  Supply Depot  
  14  0:26  SCV  
  15  0:39  SCV  
  16  0:43  Barracks  
  16  0:51  SCV  
  16  0:52  Refinery  
  17  1:03  SCV  
  18  1:15  SCV  
  19  1:28  SCV  
  20  1:40  Orbital Command  
  20  1:50  Marine, Command Center  
  21  1:59  Factory  
  21  2:05  Supply Depot  
  21  2:07  SCV  
  22  2:11  Barracks Tech Lab  
  22  2:20  SCV  
  23  2:26  Refinery  
  23  2:32  SCV  
  24  2:44  SCV  
  24  2:56  SCV  
  28  3:00  Siege Tank  
  28  3:03  Orbital Command  
  28  3:08  SCV  
  28  3:09  Bunker  
  29  3:20  SCV  
  30  3:32  Command Center  
  30  3:33  SCV  
  31  3:38  SCV  
  31  3:40  Supply Depot  
  32  3:44  Siege Tank  
  32  3:45  SCV  
  36  3:50  SCV, Engineering Bay  
  37  3:57  SCV  
  37  4:02  SCV  
  39  4:06  Supply Depot  
  39  4:09  SCV  
  40  4:14  SCV  
  41  4:17  Siege Tank  
  41  4:21  Armory, SCV  
  45  4:33  SCV  
  45  4:38  SCV  
  47  4:41  Refinery x2  
  47  4:45  SCV, Orbital Command  
  48  4:50  Factory, SCV  
  49  4:52  Factory  
  49  4:57  SCV  
  49  4:59  Siege Tank  
  53  5:02  SCV  
  54  5:09  SCV  
  54  5:12  Terran Vehicle Weapons Level 1  
  55  5:14  SCV  
  55  5:18  SCV  
  57  5:21  SCV  
  57  5:26  Armory  
  58  5:30  SCV  
  58  5:31  SCV  
  58  5:34  SCV  
  61  5:40  Factory Reactor x2  
  61  5:43  SCV x2  
  61  5:46  SCV  
  64  5:55  SCV  
  65  6:04  Orbital Command  
  65  6:07  Refinery  
  65  6:18  Refinery  
  65  6:20  Hellion x3  
  65  6:21  Hellion  
  73  6:26  Terran Vehicle And Ship Armor Level 1  
  73  6:29  Command Center  
  73  6:32  Supply Depot  
  73  6:34  Supply Depot  
  73  6:36  Supply Depot  
  73  6:43  Hellion x2  
  77  6:53  Thor  
  77  6:54  Hellion  
  85  6:56  Hellion  
  87  7:09  SCV x3  
  90  7:21  SCV x2  
  90  7:22  SCV  
  93  7:24  Supply Depot x2  
  93  7:33  SCV x2  
  93  7:34  SCV  
  96  7:38  Command Center  
  96  7:39  Hellion x2  
  96  7:40  Thor  
  96  7:41  Hellion x2  
  110  7:45  SCV x2  
  110  7:50  Factory  
  112  7:52  Factory  
  112  8:00  Factory, Hellion x2  
  112  8:02  Hellion  
  112  8:03  SCV  
  119  8:09  Supply Depot  
  119  8:12  Supply Depot x2  
  119  8:13  Supply Depot  
  119  8:19  SCV x3  
  122  8:23  Thor  
  129  8:29  Orbital Command  
  129  8:31  SCV x3  
  131  8:34  Supply Depot  
  131  8:36  Infernal Pre-Igniter  
  131  8:38  Factory Tech Lab  
  131  8:39  Factory Tech Lab  
  131  8:43  SCV x2  
  131  8:44  SCV  
  131  8:46  Factory Tech Lab  
  131  8:47  Terran Vehicle Weapons Level 2  
  131  8:48  Terran Vehicle And Ship Armor Level 2  
  134  8:55  SCV  
  135  8:59  Factory x2  
  135  9:00  Factory  
  135  9:01  Supply Depot  
  135  9:02  Supply Depot  
  135  9:04  Refinery  
  135  9:05  Supply Depot  
  135  9:06  Refinery, SCV x3  
  135  9:07  SCV  
  135  9:08  Planetary Fortress  
  139  9:13  Refinery  
  139  9:18  SCV x2  
  141  9:28  SCV x2  
  141  9:30  SCV x2  
  145  9:36  Refinery  
  142  9:40  SCV x2  
  140  9:58  Thor, Missile Turret  
  146  10:03  Thor  
  152  10:10  Thor x2  
  164  10:21  Missile Turret x2  
  164  10:30  Missile Turret  
  164  10:35  Missile Turret  
  164  10:41  Thor  
  170  10:46  Thor  
  175  10:53  Thor  
  175  11:07  Thor  
  181  11:13  Hellbat  
  181  11:14  Hellbat x6  
  195  11:25  Missile Turret  
  195  11:32  Missile Turret  
  195  11:35  Hellbat x2  
  199  11:40  Supply Depot  
  199  11:41  Supply Depot x2  
  199  11:42  Supply Depot  
  199  11:43  Terran Vehicle Weapons Level 3, Supply Depot  
  199  11:44  Terran Vehicle And Ship Armor Level 3  
  199  11:52  SCV  
  168  13:01  Thor x2  
  168  13:02  Thor x2  
  172  13:10  Factory Tech Lab  
  172  13:11  Factory Tech Lab x2  
  152  13:17  Factory  
  152  13:18  Factory x2  
  152  13:19  Factory  
  143  13:22  Factory  
  143  13:24  Factory  
  143  13:25  Factory  
  143  13:44  Thor x3  
  143  13:45  Thor  
  164  14:03  Thor x3  
  176  14:19  Hellion x2  
  176  14:20  Hellion x2  
  184  14:27  Thor x2  
  193  14:38  Command Center  
  178  14:41  Hellion  
  178  14:44  Command Center  
  156  15:03  Orbital Command  
  138  15:10  Factory Tech Lab x2  
  138  15:11  Factory Tech Lab x4  
  138  15:13  Factory Tech Lab  
  138  15:18  Thor x5  
  138  15:19  Thor x2  
  180  15:21  Hellbat  
  180  15:22  Hellbat x3  
  188  15:32  Orbital Command  
  188  15:36  Orbital Command  
  188  15:38  Orbital Command  
  183  15:43  Hellbat x4  
  170  16:01  Hellbat  
  170  16:02  Hellbat x6  
  182  16:04  Hellbat  
  182  16:05  Hellbat x3  
  190  16:19  Thor  
Tags
 
Add a new tag
Caveats
  • Supply blocks, unpowered buildings, or Contaminate may cause inaccurate times.
  • Supply counts are checked every 10 seconds.